 Dungeon Crawl Stone Soup version 0.24-a0-586-g8e0e932 (webtiles) character file.

Game seed: 13693908435845579389, levelgen mode: deterministic

290 COBRA the Cleaver (level 6, -5/51 HPs)
             Began as a Hill Orc Fighter on Sept 9, 2019.
             Slain by an ogre
             ... wielding a +0 giant spiked club
              (24 damage)
             ... on level 5 of the Dungeon.
             The game lasted 00:03:28 (914 turns).

COBRA the Cleaver (Hill Orc Fighter)                 Turns: 914, Time: 00:03:29

Health: -5/51      AC:  9    Str: 21    XL:     6   Next: 32%
Magic:  6/6        EV:  7    Int:  8    God:
Gold:   183        SH:  9    Dex: 10    Spells: 5/5 levels left

rFire    . . .     SeeInvis .   a - +1 war axe
rCold    . . .     Gourm    .   c - +0 shield
rNeg     . . .     Faith    .   b - +0 scale mail
rPois    .         Spirit   .   (no helmet)
rElec    .         Reflect  .   (no cloak)
rCorr    .         Harm     .   (no gloves)
MR       .....                  m - +1 pair of boots
Stlth    ..........             (no amulet)
HPRegen  0.17/turn              (no ring)
MPRegen  0.10/turn              (no ring)

@: flying (expiring)
A: no striking features
a: no special abilities


You were on level 5 of the Dungeon.
You were hungry.

You visited 1 branch of the dungeon, and saw 5 of its levels.

You collected 183 gold pieces.

Inventory:

Hand Weapons
 a - a +1 war axe (weapon)
Armour
 b - a +0 scale mail (worn)
 c - a +0 shield (worn)
 m - a +1 pair of boots (worn)
Wands
 p - a wand of iceblast (3)
Scrolls
 e - 2 scrolls of enchant weapon
 g - a scroll of remove curse
 h - 3 scrolls of amnesia
Potions
 d - 2 potions of might
 i - a potion of invisibility {unknown}
 j - a potion of curing {unknown}
 k - a potion of haste
 l - a potion of heal wounds
Comestibles
 f - 3 rations


   Skills:
 - Level 3.6 Fighting
 * Level 8.5 Axes
 - Level 3.2 Armour
 - Level 3.2 Shields


You had 5 spell levels left.
You didn't know any spells.
Your spell library was empty.

Dungeon Overview and Level Annotations

Branches:
Dungeon (5/15)
 Temple: D:4-7

Altars:
Nemelex Xobeh
Sif Muna
Trog
Vehumet
Wu Jian


Message History

The ogre is severely wounded.
The ogre barely misses you.
You slash the ogre!
The ogre is almost dead.
You hit the leopard gecko. You block the leopard gecko's attack.
You are feeling hungry.
You barely miss the ogre.
The ogre is almost dead.
You hit the leopard gecko.
A hound comes into view.
The leopard gecko bites you but does no damage.
The ogre hits you with a +0 giant spiked club!
The hound barks!
The leopard gecko barely misses you.
You hit the ogre but do no damage.
The ogre is almost dead.
You slash the leopard gecko!
You kill the leopard gecko!
The ogre hits you with a +0 giant spiked club!!
You die...

##. .. #..
########.#.###
..##..##.$....#......
......#........#...##
#...................#
#....(@............#
###..O.............####
#...............#...#
....o#................>.
..#h###........#........
.... #.................
... ....<...............
.. .....................
......................


You could see an ogre, a hound and an orc.

Vanquished Creatures
  A centaur (D:5)
  A crocodile (D:5)
  Jessica (D:2)
  2 adders
  A shadow imp (D:5)
  A worm (D:3)
  A dart slug (D:1)
  2 leopard geckos
  2 orcs (D:5)
  2 ball pythons
  11 bats
  3 giant cockroaches
  8 goblins
  6 hobgoblins
  8 jackals (D:2)
  A quokka (D:2)
  A frilled lizard (D:3)
  5 kobolds
  8 rats
65 creatures vanquished.

Notes
Turn   | Place    | Note
-------+----------+-------------------------------------------
     0 | D:1      | COBRA the Hill Orc Fighter began the quest for the Orb.
     0 | D:1      | Reached XP level 1. HP: 19/19 MP: 1/1
    49 | D:1      | Reached skill level 3 in Axes
    55 | D:1      | Reached XP level 2. HP: 25/26 MP: 2/2
    67 | D:1      | Reached skill level 4 in Axes
   200 | D:2      | Reached XP level 3. HP: 25/31 MP: 3/3
   301 | D:2      | Reached skill level 5 in Axes
   301 | D:2      | Noticed Jessica
   309 | D:2      | Killed Jessica
   309 | D:2      | Reached skill level 6 in Axes
   309 | D:2      | Reached XP level 4. HP: 12/39 MP: 4/4
   691 | D:3      | Found a radiant altar of Vehumet.
   738 | D:3      | Found an ornate altar of the Wu Jian Council.
   826 | D:4      | Found a bloodstained altar of Trog.
   826 | D:4      | Found a shimmering blue altar of Sif Muna.
   826 | D:4      | Found a sparkling altar of Nemelex Xobeh.
   841 | D:5      | Entered Level 5 of the Dungeon
   841 | D:5      | Noticed a centaur
   847 | D:5      | Noticed a crocodile
   850 | D:5      | Killed a centaur
   850 | D:5      | Reached skill level 7 in Axes
   850 | D:5      | Reached XP level 5. HP: 21/45 MP: 5/5
   859 | D:5      | Killed a crocodile
   859 | D:5      | Reached skill level 8 in Axes
   859 | D:5      | Reached XP level 6. HP: 32/51 MP: 6/6
   914 | D:5      | Slain by an ogre

Levels and vault maps discovered:
D:1:      minmay_arrival_arboretum_small, layout_loops_ring,
          nemelex_diamond_rough_becter
D:2:      layout_rooms, uniq_jessica
D:3:      layout_basic, fiery_altar_vehumet, old_standard_altar
D:4:      layout_basic, overflow_temple_1_default,
          chequers_temple_overflow_statue_of_worship, portal_sewer_entry_e
D:5:      layout_rooms, first_ration, dk_xom_monty_hall

Skill      XL: |  1  2  3  4  5 |
---------------+----------------+-----
Axes           | 3 4 6 7 8 |  8.5
Fighting       | |  3.6
Armour         | |  3.2
Shields        | |  3.2

Action                   |  1- 3 |  4- 6 || total
-------------------------+-------+-------++-------
Melee: War axe           |    77 |    48 ||   125
       Hand axe          |       |    72 ||    72
  Use: Scroll            |       |     6 ||     6
       Potion            |       |     3 ||     3
Armor: Scale mail        |    54 |    81 ||   135
Dodge: Dodged            |    43 |    47 ||    90
Block: Shield            |    63 |    71 ||   134

Table legend:
 A = Non-vault XP
 B = Vault XP
 C = Vault XP percentage of total XP
 D = Non-vault monster count
 E = Vault monster count
 F = Vault count percentage of total count
                 A         B        C        D         E       F
            +---------+---------+-------+---------+---------+-------
      Total |     378 |      37 |   8.9 |      64 |       1 |   1.5
            +---------+---------+-------+---------+---------+-------
        D:1 |      41 |       0 |   0.0 |      24 |       0 |   0.0
        D:2 |      62 |      37 |  37.4 |      27 |       1 |   3.6
        D:3 |      13 |       0 |   0.0 |       6 |       0 |   0.0
        D:5 |     262 |       0 |   0.0 |       7 |       0 |   0.0
            +---------+---------+-------+---------+---------+-------
